AoeStats
← Tetsu.Japan

Black Forest

509132389Analyzed
4v4 RM · 7d ago on Sep 25, 2026· 54m 43s· 8 players
Game mode
Random Map
Map size
Large (8 player)
Population
200
Speed
Normal
Resources
Standard
Victory
Conquest
Starting age
Dark Age
Ending age
Imperial Age
RankedLock teamsTeams togetherTeam positionsShared explorationLock speedFull tech treeHidden civsTurbo modeCheats
Victory
Defeat
🇪🇪 Romans · Estonia
1547
+13
🇨🇳 Khmer · China
1539
+14
🇲🇽 Persians · Mexico
1508
+15
🇮🇪 Bohemians · Ireland
1481
+16
🇯🇵 Danes · Japan
1600
-18
🇹🇼 Spanish · Taiwan
1568
-18
🇻🇳 Mongols · Vietnam
1465
-14
🇯🇵 Persians · Japan
1299
-8
miki_bb /VL/
2:49 Loom
11:36 Feudal Age
15:24 Castle Age
14:14 Fletching
14:56 Double-Bit Axe
15:23 Horse Collar
16:01 Town Watch
29:54 Wheelbarrow
32:03 Bodkin Arrow
36:58 Imperial Age
35:01 Padded Archer Armor
35:43 Parthian Tactics
36:16 Thumb Ring
36:37 Ballistics
37:07 Leather Archer Armor
38:40 Chemistry
37:47 Elite Skirmisher
39:28 Ring Archer Armor
39:35 Hand Cart
39:44 Conscription
39:51 Bloodlines
39:42 Husbandry
39:03 Light Cavalry
40:15 Scale Barding Armor
40:21 Forging
40:28 Caravan
41:50 Chain Barding Armor
42:22 Bow Saw
42:12 Heavy Plow
42:02 Gold Mining
42:02 Stone Mining
44:21 Plate Barding Armor
44:22 Iron Casting
43:59 Masonry
43:31 Hussar
45:35 Citadels
46:15 Architecture
45:43 Murder Holes
45:32 Heavy Camel Rider
47:32 Blast Furnace
49:39 Cavalier
52:26 Savar
IWUDJA
11:25 Feudal Age
12:48 Loom
12:51 Double-Bit Axe
15:24 Castle Age
16:38 Bow Saw
19:00 Wheelbarrow
19:33 Fervor
22:19 Horse Collar
23:09 Hand Cart
22:57 Fishing Lines
23:44 Heavy Plow
25:13 Gillnets
26:00 Town Watch
29:57 Imperial Age
30:18 Scale Mail Armor
30:28 Forging
31:31 Chemistry
31:06 Conscription
30:53 Wagenburg Tactics
30:56 Siege Engineers
31:02 Masonry
30:33 Pikeman
31:15 Squires
31:00 Arson
32:23 Chain Mail Armor
32:44 Iron Casting
31:33 Halberdier
32:48 Houfnice
33:49 Caravan
35:04 Plate Mail Armor
34:58 Bombard Tower
36:54 Blast Furnace
35:46 Fletching
36:18 Ballistics
38:20 Two-Man Saw
37:50 Hussite Reforms
38:36 Bodkin Arrow
39:12 Architecture
39:32 Devotion
41:16 Bracer
43:25 Faith
43:32 Sanctity
44:42 Redemption
44:30 Herbal Medicine
44:58 Heresy
44:56 Block Printing
48:09 Coinage
48:51 Banking
51:54 Theocracy
51:46 Illumination
54:58 Guilds
Supersonic Rocketship
0:55 Loom
11:11 Feudal Age
13:38 Double-Bit Axe
14:53 Fletching
20:16 Castle Age
18:47 Horse Collar
19:29 Gold Mining
19:30 Stone Mining
21:11 Bow Saw
22:17 Town Watch
28:02 Imperial Age
27:07 Heavy Plow
27:37 Scale Barding Armor
29:12 Wheelbarrow
30:22 Hand Cart
31:09 Chain Barding Armor
31:01 Forging
31:41 Husbandry
32:55 Plate Barding Armor
34:40 Caravan
36:44 Iron Casting
36:00 Elite Centurion
37:07 Conscription
36:54 Bodkin Arrow
39:26 Blast Furnace
38:15 Heavy Scorpion
40:11 Ballistas
45:18 Siege Engineers
46:14 Chemistry
45:26 Masonry
48:10 Guilds
49:55 Comitatenses
53:42 Bloodlines
55:26 Coinage
chenst2020
4:33 Loom
12:02 Feudal Age
16:17 Castle Age
15:09 Double-Bit Axe
19:49 Wheelbarrow
21:43 Light Cavalry
23:16 Horse Collar
25:29 Hand Cart
25:16 Fishing Lines
25:42 Heavy Plow
26:04 Husbandry
30:42 Imperial Age
28:08 Gold Mining
28:08 Stone Mining
28:36 Bow Saw
29:22 Gillnets
31:15 Ballistics
31:02 Heavy Scorpion
32:47 Chemistry
32:55 Crop Rotation
33:17 Gold Shaft Mining
32:33 Stone Mining
32:50 Siege Engineers
32:12 Hussar
33:03 Bloodlines
33:18 Double Crossbow
33:39 Conscription
34:20 Scale Barding Armor
34:26 Forging
37:00 Caravan
39:21 Chain Barding Armor
39:36 Iron Casting
40:51 Plate Barding Armor
41:01 Capped Ram
42:21 Siege Ram
46:12 Blast Furnace
44:34 Elite Battle Elephant
47:43 Tusk Swords
happikon.6139
0:34 Loom
10:29 Feudal Age
10:31 Man-at-Arms
16:01 Double-Bit Axe
21:10 Castle Age
18:52 Horse Collar
19:48 Stone Mining
22:30 Double-Bit Axe
24:16 Bow Saw
30:22 Wheelbarrow
29:34 Town Watch
32:01 Gold Mining
32:41 Hand Cart
33:35 Masonry
36:19 Imperial Age
33:49 Pikeman
34:29 Squires
34:16 Arson
35:15 Redemption
35:42 Sanctity
37:21 Block Printing
36:37 Elite Varangian Guard
36:59 Onager
38:11 Scale Mail Armor
38:07 Halberdier
40:31 Forging
40:37 Chain Mail Armor
41:01 Gold Shaft Mining
41:46 Heavy Plow
42:40 Illumination
42:56 Fervor
43:23 Coinage
44:21 Plate Mail Armor
44:27 Iron Casting
43:13 Capped Ram
44:28 Fletching
44:40 Padded Archer Armor
45:07 Siege Ram
47:20 Banking
47:12 Caravan
50:22 Chemistry
49:40 Bodkin Arrow
51:04 Hoardings
50:51 Conscription
Tetsu.Japan
10:24 Feudal Age
14:58 Castle Age
13:21 Horse Collar
13:30 Double-Bit Axe
13:29 Horse Collar
17:55 Bow Saw
18:29 Town Watch
18:34 Loom
24:32 Wheelbarrow
24:48 Heavy Plow
27:29 Stone Mining
31:04 Imperial Age
29:32 Hand Cart
29:35 Scale Barding Armor
30:43 Gold Mining
30:52 Fishing Lines
31:25 Elite War Elephant
32:27 Bloodlines
33:52 Two-Man Saw
33:35 Crop Rotation
33:15 Husbandry
34:15 Chain Barding Armor
34:06 Gillnets
34:32 Fletching
35:08 Devotion
35:14 Caravan
36:17 Forging
36:44 Plate Barding Armor
37:43 Conscription
38:33 Gold Shaft Mining
39:06 Stone Shaft Mining
41:37 Coinage
41:44 Iron Casting
41:05 Bodkin Arrow
41:25 Pikeman
42:06 Squires
42:08 Padded Archer Armor
42:08 Elite Skirmisher
42:52 Kamandaran
42:45 Heavy Camel Rider
43:19 Heavy Scorpion
43:43 Halberdier
46:48 Ballistics
47:29 Chemistry
48:02 Leather Archer Armor
48:47 Blast Furnace
47:51 Scale Mail Armor
48:20 Light Cavalry
50:46 Masonry
50:56 Hussar
53:28 Onager
shogun
1:55 Loom
10:06 Feudal Age
12:54 Fletching
13:05 Padded Archer Armor
15:46 Wheelbarrow
15:17 Double-Bit Axe
16:27 Horse Collar
24:50 Castle Age
23:14 Gold Mining
23:18 Stone Mining
25:09 Fishing Lines
25:48 Forging
25:08 Crossbowman
26:08 Bow Saw
25:55 Bodkin Arrow
26:07 Gillnets
27:41 Gold Shaft Mining
27:31 Leather Archer Armor
34:17 Imperial Age
32:42 Stone Shaft Mining
32:58 Hand Cart
33:19 Forging
34:52 Ballistics
35:13 Bracer
35:28 Masonry
35:33 Heavy Plow
36:08 Conscription
37:28 Chemistry
36:49 Arbalester
39:08 Nomads
39:31 Drill
39:50 Scale Barding Armor
40:37 Bloodlines
40:52 Light Cavalry
41:34 Husbandry
41:55 Chain Barding Armor
42:02 Hussar
44:28 Iron Casting
47:05 Blast Furnace
46:49 Elite Mangudai
50:45 Blast Furnace
52:24 Capped Ram
sci621
11:10 Feudal Age
14:51 Castle Age
15:13 Double-Bit Axe
15:09 Horse Collar
15:21 Gold Mining
16:19 Bow Saw
17:48 Fishing Lines
19:33 Gillnets
25:20 Wheelbarrow
26:17 Sanctity
26:05 Horse Collar
27:25 Loom
27:55 Hand Cart
32:29 Imperial Age
31:09 Scale Mail Armor
31:19 Forging
31:04 Stone Mining
31:36 Pikeman
32:17 Squires
32:52 Chain Mail Armor
32:54 Redemption
33:54 Iron Casting
33:53 Block Printing
34:45 Plate Mail Armor
36:04 Blast Furnace
34:44 Onager
36:05 Illumination
36:12 Halberdier
36:38 Arson
38:00 Chemistry
37:20 Ballistics
37:10 Masonry
38:54 Stone Shaft Mining
39:19 Scale Barding Armor
39:19 Town Watch
39:54 Heavy Plow
40:56 Two-Man Saw
40:36 Heresy
40:19 Atonement
40:34 Fervor
40:52 Bloodlines
40:44 Fletching
41:15 Chain Barding Armor
40:42 Arrowslits
41:28 Architecture
41:04 Cavalier
41:45 Husbandry
41:55 Caravan
43:28 Paladin
44:08 Husbandry
44:20 Husbandry
46:55 Man-at-Arms
Connection lost

Rejoining the realm…

Still unreachable

The connection could not be restored.

Session expired

The server has moved on; the page needs a fresh start.